cohdb
Replays
Latest Replays
All Replays
Popular Replays
Top Player Replays
Match Explorer
How It Works
Community
CoH3 Stats
Reddit
Sign in to upload your games and track your stats! →
Sign in with Steam
Match 39687248
Unlisted
Match 39687248
Overview
Messages
Build Orders
End
Construct Barracks
Selects Heavy Weapons
Riflemen Squad
Riflemen Squad
Construct Weapon Support Center
Engineer Squad
Bazooka Squad
Selects Assault Carriers
Air Support Center
M3 Assault Carrier
M1919 Machine Gun Team
Selects Exchangeable Parts
M3 Assault Carrier
Bazooka Squad
Selects M2HB .50cal Heavy Machine Gun
Improved M9 Bazooka Rockets
M1918 Browning Automatic Rifles
Engineer Squad
Bazooka Squad
Bazooka Squad
Selects Gallant Stand
Selects Black Dragon Artillery Barrage
Bazooka Squad
Bazooka Squad
Black Dragon Artillery Barrage
Construct Tank Depot
P-47 Dive Bomb
TheWalkingDude
kartbam
LobbyMaster
killall
Nomadic_09
Jin-Gitaxias
0
0
Comments
sign in to comment!
No comments posted yet!